 Dungeon Crawl Stone Soup version 0.19.0-2-gae57169 (webtiles) character file.

4101 Pepeogr the Carver (level 10, -3/74 HPs)
             Began as a Grey Draconian Fighter on Nov 7, 2016.
             Was a Believer of Hepliaklqana.
             Slain by a skeletal warrior
             ... wielding a +1 trident of piercing
              (14 damage)
             ... on level 9 of the Dungeon.
             The game lasted 00:43:12 (8155 turns).

Pepeogr the Carver (Grey Draconian Fighter)         Turns: 8155, Time: 00:43:12

Health: -3/74      AC: 14    Str: 18      XL:     10   Next: 6%
Magic:  0/10       EV: 13    Int:  9      God:    Hepliaklqana [**....]
Gold:   450        SH: 10    Dex: 13 (14) Spells: 0 memorised, 9 levels left

rFire  . . .     SeeInvis +     a - +0 long sword
rCold  . . .     Gourm    .     (armour unavailable)
rNeg   . . .     Faith    .     b - +0 shield
rPois  +         Spirit   +     (helmet restricted)
rElec  .         Reflect  .     (no cloak)
rCorr  .         Harm     .     (no gloves)
MR     .....                    v - +1 pair of boots
Stlth  +++.......               l - amulet of guardian spirit
                                p - ring of see invisible
                                d - ring of stealth

@: no status effects
A: walk through water, unfitting armour, reduced essence, hooves 1,
deterioration 1, poison resistance, unbreathing, cold-blooded, AC +12
a: Recall Ancestor, Ancestor Identity, Renounce Religion


You were on level 9 of the Dungeon.
You worshipped Hepliaklqana.
Hepliaklqana was pleased with you.
You were not hungry.

You visited 2 branches of the dungeon, and saw 10 of its levels.

You collected 450 gold pieces.

Inventory:

Hand Weapons
 a - a +0 long sword (weapon)
 e - a cursed -1 spear
 i - a +5 short sword of protection
 j - a +0 falchion
 k - a +0 dagger of draining
 n - a +2 falchion of venom
 q - a -2 long sword
Armour
 b - a +0 shield (worn)
 v - a +1 pair of boots (worn)
Jewellery
 d - a ring of stealth (left hand)
 l - an amulet of guardian spirit (around neck)
 p - a ring of see invisible (right hand)
 t - an uncursed amulet of faith
 u - an uncursed ring of protection from magic
Wands
 o - a wand of random effects (15/48)
 r - a wand of paralysis (0/24)
Scrolls
 c - 4 scrolls of amnesia
 x - 2 scrolls of magic mapping
 y - a scroll of enchant weapon {unknown}
 z - a scroll of remove curse
Potions
 h - a potion of degeneration
 s - 2 potions of agility
 w - a potion of lignification {unknown}
Comestibles
 f - a meat ration
 g - 4 bread rations
 m - 9 fruits


   Skills:
 + Level 6.2 Fighting
 * Level 10.5 Long Blades
 + Level 6.0 Dodging
 + Level 1.9 Stealth
 + Level 7.1 Shields
 + Level 0.4 Evocations


You had 9 spell levels left.
You didn't know any spells.

Dungeon Overview and Level Annotations

Branches:
Dungeon (9/15)             Temple (1/1) D:5
   Lair: D:8-11         Orc: D:9-12

Altars:
Ashenzari
Dithmenos
Elyvilon
Fedhas
Gozag
Hepliaklqana
Kikubaaqudgha
Makhleb
Nemelex Xobeh
Okawaru
Qazlal
Ru
Sif Muna
Trog
Uskayaw
Vehumet
Xom
Yredelemnul
The Shining One

Annotations:
D:7 Joseph


Innate Abilities, Weirdness & Mutations

You can walk through water.
Your dull iron-grey scales are very hard. (AC +12)
You cannot fit into any form of body armour.
You can survive without breathing.
You are cold-blooded and may be slowed by cold attacks.
Your life essence is reduced. (-10% HP)
You have large cloven feet.
Your body sometimes deteriorates upon taking damage.
Your system is resistant to poisons. (rPois)


Message History

The skeletal warrior is moderately damaged.
Ahumratum misses the skeletal warrior.
You hit the skeletal warrior but do no damage.
The skeletal warrior is moderately damaged.
The skeletal warrior hits you with a trident of piercing!
Ahumratum closely misses the skeletal warrior.
You hit the skeletal warrior but do no damage.
The skeletal warrior is moderately damaged.
Ahumratum gestures at the skeletal warrior while chanting.
The skeletal warrior resists with almost no effort.
The skeletal warrior hits you with a trident of piercing!!
* * * LOW HITPOINT WARNING * * *
x2 You hit the skeletal warrior.
You tail-slap the skeletal warrior, but do no damage.
The skeletal warrior is moderately damaged.
Ahumratum barely misses the skeletal warrior.
The skeletal warrior hits you but does no damage.
Ahumratum closely misses the skeletal warrior.
The skeletal warrior hits you from afar with a trident of piercing!
You die... #............# #.#..........# #...####.....# . #...# #.....# .P #.#.# #.#...# .PP #.#.# #...R.# P.P #...## #...z.# .. #....# #.##..#.# PP.P.PP

#.##.# #...@.'.#...PPPPP..PP
#....# #######.#....P.PPP.PP
#....# ##.+.#...PPPP.P.
#..#.# #..#.#.$..PP.P..
#....###+## #.##....P.....P.
#.........###.###.....P..P..
#......#..#§...§#......P....
#......#..#.....#...........
#............_..............


You could see the friendly Ahumratum the hexer and a skeletal warrior.

Vanquished Creatures
  The ghost of keg the Basher, a novice MiFi of Okawaru (D:9)
  Grinder (D:5)
  2 hippogriffs
  A hungry ghost (D:8)
  Duvessa (D:6)
  An orc warrior (D:8)
  2 sky beasts (D:8)
  A hornet zombie (D:8)
  An ice beast (D:6)
  A black bear (D:7)
  3 ogres
  A centaur (D:9)
  5 bullfrogs
  Dowan (D:6)
  2 scorpions
  A killer bee (D:7)
  A howler monkey (D:8)
  A crimson imp (D:8)
  A quasit (D:6)
  A hound (D:5)
  2 orc priests (D:4)
  An orc wizard (D:4)
  Jessica (D:3)
  Ijyb (D:2)
  An iguana (D:4)
  6 worker ants
  2 hound skeletons
  Robin (D:2)
  A gnoll (D:6)
  A river rat (D:5)
  9 adders
  A shadow imp (D:7)
  An adder zombie (D:5)
  An adder skeleton (D:8)
  A worm (D:5)
  A dart slug (D:4)
  3 leopard geckos
  6 orcs
  5 giant cockroaches
  11 goblins
  14 hobgoblins
  6 jackals
  9 kobolds
  A quokka (D:3)
  3 ball pythons
  9 bats
  2 frilled lizards
  A jackal skeleton (D:5)
  A jackal zombie (D:5)
  A leopard gecko skeleton (D:4)
  A leopard gecko zombie (D:5)
  7 rats
140 creatures vanquished.

Vanquished Creatures (collateral kills)
  A wyvern (D:8)
  A hungry ghost (D:7)
  A centaur (D:7)
  2 killer bees (D:7)
  A hound (D:6)
  An orc wizard (D:9)
  A centaur skeleton (D:6)
  An orc priest (D:8)
  A gnoll (D:6)
  An adder skeleton (D:7)
  A dart slug (D:6)
  3 orcs
  A quokka (D:5)
16 creatures vanquished.

Vanquished Creatures (others)
  5 ancestors
  4 fungi (D:9)
  A plant (D:9)
10 creatures vanquished.

Grand Total: 166 creatures vanquished

Notes
Turn   | Place    | Note
-------+----------+-------------------------------------------
     0 | D:1      | Pepeogr the Draconian Fighter began the quest for the Orb.
     0 | D:1      | Reached XP level 1. HP: 19/19 MP: 1/1
   204 | D:1      | Reached XP level 2. HP: 26/26 MP: 2/2
   586 | D:1      | Reached XP level 3. HP: 33/33 MP: 3/3
   744 | D:2      | Noticed Ijyb
   750 | D:2      | Killed Ijyb
   750 | D:2      | Reached skill level 3 in Long Blades
   757 | D:2      | Noticed Robin
   769 | D:2      | Reached XP level 4. HP: 20/40 MP: 4/4
   942 | D:2      | Killed Robin
  1509 | D:2      | Found an ancient bone altar of Kikubaaqudgha.
  1600 | D:2      | Gained mutation: You have large cloven feet. [potion of mutation]
  1600 | D:2      | Gained mutation: Your system is resistant to poisons. (rPois) [potion of mutation]
  1600 | D:2      | Gained mutation: Your body sometimes deteriorates upon taking damage. [potion of mutation]
  1911 | D:3      | Noticed Jessica
  1931 | D:3      | Killed Jessica
  1931 | D:3      | Reached XP level 5. HP: 45/46 MP: 5/5
  2451 | D:4      | Reached skill level 4 in Long Blades
  2964 | D:4      | Reached XP level 6. HP: 46/53 MP: 6/6
  3436 | D:5      | Entered Level 5 of the Dungeon
  3455 | D:5      | Noticed Grinder
  3465 | D:5      | Paralysed by Grinder for 4 turns
  3660 | D:5      | Reached skill level 5 in Long Blades
  3899 | D:5      | Found a staircase to the Ecumenical Temple.
  3906 | Temple   | Entered the Ecumenical Temple
  3934 | Temple   | Became a worshipper of Hepliaklqana the Forgotten
  3997 | D:5      | Found a glowing drain.
  4012 | D:5      | Your scales start taking on a dull iron-grey colour.
  4012 | D:5      | Reached XP level 7. HP: 28/54 MP: 3/7
  4012 | D:5      | Gained mutation: You can survive without breathing. [Grey Draconian growth]
  4163 | D:5      | Paralysed by Grinder for 5 turns
  4186 | D:5      | Killed Grinder
  4186 | D:5      | Reached skill level 6 in Long Blades
  4352 | D:5      | Found an ancient bone altar of Kikubaaqudgha.
  4416 | D:5      | Found a radiant altar of Vehumet.
  4418 | D:5      | Found a burning altar of Makhleb.
  4418 | D:5      | Found a sparkling altar of Nemelex Xobeh.
  4944 | D:6      | Noticed Dowan
  4948 | D:6      | Noticed Duvessa
  4964 | D:6      | Killed Dowan
  4973 | D:6      | Reached skill level 5 in Shields
  5308 | D:6      | Killed Duvessa
  5308 | D:6      | Reached skill level 5 in Fighting
  5308 | D:6      | Reached XP level 8. HP: 58/61 MP: 6/8
  5320 | D:6      | Found a sacrificial altar of Ru.
  5376 | D:6      | Found a glowing golden altar of the Shining One.
  5529 | D:6      | Reached skill level 7 in Long Blades
  5580 | D:6      | Reached * piety under Hepliaklqana
  5799 | D:7      | Reached skill level 1 in Stealth
  5803 | D:7      | Noticed Joseph
  6040 | D:7      | Noticed a hippogriff
  6061 | D:7      | Killed a hippogriff
  6061 | D:7      | Reached skill level 8 in Long Blades
  6182 | D:7      | Reached skill level 5 in Dodging
  6523 | D:7      | Reached XP level 9. HP: 66/66 MP: 9/9
  7135 | D:8      | Reached skill level 9 in Long Blades
  7752 | D:9      | Reached skill level 10 in Long Blades
  7783 | D:9      | Reached ** piety under Hepliaklqana
  7784 | D:9      | Remembered your ancestor Ahumratum as a hexer
  7789 | D:9      | Found a stormy altar of Qazlal.
  7827 | D:9      | Noticed keg's ghost (novice MiFi)
  7862 | D:9      | Killed keg's ghost
  7862 | D:9      | Reached XP level 10. HP: 20/74 MP: 3/10
  8115 | D:9      | Noticed a skeletal warrior
  8155 | D:9      | Slain by a skeletal warrior

Skill      XL: |  1  2  3  4  5  6  7  8  9 |
---------------+----------------------------+-----
Dodging        | 3 4 5 6 |  6.0
Long Blades    | 3 4 5 6 8 10 | 10.5
Fighting       | 4 5 6 |  6.2
Shields        | 4 5 6 7 |  7.1
Stealth        | 1 |  1.9
Evocations     | |  0.4

Action                   |  1- 3 |  4- 6 |  7- 9 | 10-12 || total
-------------------------+-------+-------+-------+-------++-------
Melee: Long sword        |    70 |   187 |   323 |    16 ||   596
       Tailslap          |     7 |    33 |    75 |     6 ||   121
       Kick              |       |    46 |    13 |       ||    59
Invok: Ancestor Identity |       |     1 |       |       ||     1
       Ancestor Life: He |       |       |     1 |       ||     1
Evoke: Wand              |       |       |     5 |     1 ||     6
  Use: Potion            |     1 |     4 |     5 |       ||    10
       Scroll            |       |     7 |     8 |       ||    15
 Stab: Sleeping          |       |     2 |     1 |       ||     3
       Distracted        |       |       |     6 |       ||     6
  Eat: Bread ration      |       |     1 |       |       ||     1
       Meat ration       |       |     2 |     3 |       ||     5
Armor: Skin              |    22 |    53 |   121 |     7 ||   203
Dodge: Dodged            |    42 |   106 |   168 |     7 ||   323
Block: Shield            |    56 |   113 |   184 |    13 ||   366
       Rpst.: Long sword |    12 |    31 |    49 |     1 ||    93
